 Dungeon Crawl Stone Soup version 0.29.1-4-g47bece8355 (webtiles) character file.

Game seed: 3380182395821612553

791 ChadusMaximus the Summoner (level 8, -1/52 HPs)
             Began as a Human Summoner on Dec 8, 2022.
             Slain by a wyvern (14 damage)
             ... on level 5 of the Dungeon.
             The game lasted 00:08:45 (6031 turns).

ChadusMaximus the Summoner (Human Summoner)         Turns: 6031, Time: 00:08:46

Health: -1/52      AC:  5    Str:  8    XL:     8   Next: 12%
Magic:  8/15       EV: 12    Int: 19    God:
Gold:   374        SH:  0    Dex: 13    Spells: 6/16 levels left

rFire   . . .      SeeInvis .   o - +5 dagger
rCold   . . .      Faith    .   (no shield)
rNeg    . . .      Spirit   .   a - +0 robe
rPois   .          Reflect  .   (no helmet)
rElec   .          Harm     .   (no cloak)
rCorr   .          Rampage  .   (no gloves)
Will    .....                   k - +2 pair of boots
Stlth   ++........              (no amulet)
HPRegen 0.17/turn               (no ring)
MPRegen 0.14/turn               (no ring)

@: marked
A: no striking features
a: no special abilities


You were on level 5 of the Dungeon.
You visited 1 branch of the dungeon, and saw 5 of its levels.

You collected 374 gold pieces.

Inventory:

Hand Weapons
 d - a +0 club
 h - a +0 short sword
 o - a +5 dagger (weapon)
Armour
 a - a +0 robe (worn)
 c - a +0 pair of boots
 k - a +2 pair of boots (worn)
Jewellery
 x - an amulet of faith
 B - a ring of positive energy
Wands
 z - a wand of roots (6)
Scrolls
 e - 2 scrolls of noise {unknown}
 g - 3 scrolls of enchant armour {unknown}
 i - a scroll of vulnerability {unknown}
 m - a scroll of amnesia {unknown}
 p - a scroll of teleportation {unknown}
 t - 3 scrolls of blinking {unknown}
 u - a scroll of fear {unknown}
 v - 4 scrolls of identify {unknown}
 w - a scroll of summoning {unknown}
 y - a scroll of silence {unknown}
 A - a scroll of immolation {unknown}
Potions
 b - a potion of magic
 f - 3 potions of curing {unknown}
 j - a potion of heal wounds {unknown}
 l - 3 potions of flight {unknown}
 n - 2 potions of mutation {unknown}
 q - a potion of lignification {unknown}
 r - 2 potions of attraction {unknown}
 s - 2 potions of might {unknown}


   Skills:
 - Level 2.1 Dodging
 - Level 2.1 Stealth
 + Level 4.8 Spellcasting
 * Level 8.0 Summonings


You had 6 spell levels left.
You knew the following spells:

 Your Spells              Type           Power      Damage    Failure   Level
a - Summon Small Mammal   Summ           100%       N/A       1%          1
b - Call Canine Familiar  Summ           35%        N/A       1%          3
c - Call Imp              Summ           35%        N/A       1%          2
d - Summon Lightning Spi  Summ/Air       19%        N/A       24%         4

Your spell library contained the following spells:

 Spells                   Type           Power      Damage    Failure   Level
 Summon Guardian Golem    Hex/Summ       19%        N/A       8%          3
 Sandblast                Erth           8%         2d5       13%         1
 Passwall                 Tmut/Erth      3%         N/A       19%         2
 Stone Arrow              Conj/Erth      8%         3d7       36%         3


Dungeon Overview and Level Annotations

Branches:
Dungeon (5/15)
 Temple: D:4-7

Altars:
Cheibriados
Dithmenos
Fedhas
Gozag
Okawaru
Qazlal
Trog
Uskayaw
Vehumet
The Shining One

Annotations:
D:4 3 runed translucent doors, CungeonDrawl's ghost, amateur DjCj


Message History

There is a stormy altar of Qazlal here.
Unknown command.
Press < or > to pray at altars.
You kneel at the altar of Qazlal.
There is an iron altar of Okawaru here.
You kneel at the altar of Okawaru.
There is a bloodstained altar of Trog here.
There is a radiant altar of Vehumet here.
B - a ring of positive energy
Found an escape hatch in the floor.
You now have 374 gold pieces (gained 17).
There is an escape hatch in the floor here.
A sourceless malevolence fills the Dungeon...
With a horrendous wail, an alarm goes off!
A sentinel's mark forms upon you.
You hear an angry hiss.
A wyvern comes into view.
Casting: Summon Small Mammal (safe; 1% risk of failure)
Confirm with . or Enter, or press ? or * to list all spells.
The wyvern bites you. The wyvern attacks as you move away!
The wyvern bites you!
You swap places.
The wyvern bites your hound!!
Your hound dies!
Your hound's corpse disappears in a puff of smoke!
The wyvern bites you!
Casting: Call Canine Familiar (safe; 1% risk of failure)
Confirm with . or Enter, or press ? or * to list all spells.
The wyvern barely misses you. The wyvern bites you.
The wyvern attacks as you move away! The wyvern bites you.
Your wolf bites the wyvern.
You swap places.
Your wolf bites the wyvern.
The wyvern closely misses you.
Your wolf bites the wyvern but does no damage.
The wyvern bites you!
* * * LOW HITPOINT WARNING * * *
Okay, then.
Casting: Call Canine Familiar (safe; 1% risk of failure)
Confirm with . or Enter, or press ? or * to list all spells.
A metallic apparition takes form in the air.
Your wolf barely misses the wyvern.
The wyvern bites you!
You die...

.##.# # ....# .#
.##.######. ###.
........... #..
.....#... #.#
###..#.# #.#
#..#.#..####.###
#..#.#.......lh#
#..#.#.......#@#
#..#.#########.#
#........... #5#
###.##.#######.#.#
...............#.#
###.###.########.##
..................#
..#.###.###########
#...# #.#


You could see a wyvern (ally target), a friendly wolf (summoned) and a friendly
iron imp (summoned).

Vanquished Creatures
  A phantom (D:5)
  An orc wizard (D:3)
  An adder (D:3)
  A worm (D:3)
  An orc (D:3)
  3 endoplasms (D:1)
  2 giant cockroaches
  5 goblins
  3 hobgoblins
  3 kobolds
  A quokka (D:4)
  4 ball pythons
  4 bats
  3 frilled lizards
  5 rats
38 creatures vanquished.

Vanquished Creatures (collateral kills)
  Grinder (D:5)
  A necrophage (D:4)
  2 scorpions
  A howler monkey (D:5)
  2 jellies
  2 hounds (D:5)
  5 adders
  An ufetubus (D:5)
  2 worms (D:5)
  2 dart slugs
  7 orcs
  2 ball pythons
  4 endoplasms
  3 goblins
  2 hobgoblins (D:1)
  10 jackals
  2 bats
  2 frilled lizards (D:1)
  A kobold (D:1)
  4 rats
56 creatures vanquished.

Vanquished Creatures (others)
  4 fungi (D:4)
4 creatures vanquished.

Grand Total: 98 creatures vanquished

Notes
Turn   | Place    | Note
-------+----------+-------------------------------------------
     0 | D:1      | ChadusMaximus the Human Summoner began the quest for the
                  | Orb.
     0 | D:1      | Reached XP level 1. HP: 13/13 MP: 3/3
   329 | D:1      | Found a faded altar of an unknown god.
   337 | D:1      | Reached XP level 2. HP: 19/19 MP: 1/5
  1571 | D:1      | Reached XP level 3. HP: 23/24 MP: 6/6
  1958 | D:2      | Found a glowing golden altar of the Shining One.
  2389 | D:2      | Learned a level 3 spell: Call Canine Familiar
  2392 | D:2      | Learned a level 2 spell: Call Imp
  2702 | D:2      | Reached XP level 4. HP: 16/30 MP: 4/7
  3354 | D:3      | Reached skill level 5 in Summonings
  3525 | D:3      | Reached XP level 5. HP: 35/35 MP: 9/9
  4066 | D:4      | Found a blossoming altar of Fedhas.
  4143 | D:4      | Found a runed translucent gate.
  4143 | D:4      | Found a runed translucent gate.
  4143 | D:4      | Found a runed translucent gate.
  4143 | D:4      | Found an opulent altar of Gozag.
  4145 | D:4      | Noticed CungeonDrawl's ghost (amateur DjCj)
  4145 | D:4      | Noticed a steam dragon
  4183 | D:4      | Reached skill level 6 in Summonings
  4183 | D:4      | Reached XP level 6. HP: 32/41 MP: 2/11
  4254 | D:4      | Learned a level 4 spell: Summon Lightning Spire
  4803 | D:5      | Entered Level 5 of the Dungeon
  4855 | D:5      | Reached XP level 7. HP: 46/46 MP: 5/12
  5122 | D:5      | Found a snail-covered altar of Cheibriados.
  5179 | D:5      | Reached skill level 7 in Summonings
  5210 | D:5      | Found an iron altar of Okawaru.
  5513 | D:5      | Noticed Grinder
  5540 | D:5      | Killed Grinder
  5541 | D:5      | Reached skill level 8 in Summonings
  5541 | D:5      | Reached XP level 8. HP: 30/52 MP: 3/15
  5915 | D:5      | Found a stormy altar of Qazlal.
  5917 | D:5      | Found a hide-covered altar of Uskayaw.
  5919 | D:5      | Found a shadowy altar of Dithmenos.
  5921 | D:5      | Found a glowing golden altar of the Shining One.
  5921 | D:5      | Found a bloodstained altar of Trog.
  5922 | D:5      | Found a radiant altar of Vehumet.
  6023 | D:5      | Noticed a wyvern
  6031 | D:5      | Slain by a wyvern

Illustrated notes

Levels and vault maps discovered:
D:1:      heliophobic_arrival_dark_side_of_the_moon, layout_basic,
          hellmonk_ecumenical_altar_run_dry, st_stairs_12,
          ebering_dispersal_statue_hall
D:2:      layout_basic, basic_altar, minmay_tromino_v4_c
D:3:      layout_basic
D:4:      layout_cave_pools, fedhas_altar_3, ebering_ghost_gozag
D:5:      layout_basic, cheibrodos_worm_habitat, grunt_temple_overflow_open,
          uniq_grinder

Skill      XL: |  1  2  3  4  5  6  7 |
---------------+----------------------+-----
Summonings     | 5 6 8 |  8.0
Spellcasting   | 3 4 |  4.8
Dodging        | |  2.1
Stealth        | |  2.1

Action                   |  1- 3 |  4- 6 |  7- 9 || total
-------------------------+-------+-------+-------++-------
Melee: Unarmed           |     8 |       |       ||     8
       Club              |    33 |       |       ||    33
       Short sword       |    44 |       |       ||    44
       Dagger            |       |    49 |    11 ||    60
 Cast: Summon Small Mamm |    31 |     7 |    14 ||    52
       Call Canine Famil |     3 |    13 |     8 ||    24
       Call Imp          |     2 |     7 |     7 ||    16
 Stab: Sleeping          |     1 |     1 |       ||     2
Armor: Robe              |    27 |    12 |     5 ||    44
Dodge: Dodged            |    64 |    32 |    17 ||   113
